 Dungeon Crawl Stone Soup version 0.30.1-4-g462c640d31 (webtiles) character file.

Game seed: 12600243295438940687

14238 booth the Cleaver (level 11, -3/80 HPs)
             Began as a Demonspawn Gladiator on Sept 13, 2023.
             Was an Elder of Hepliaklqana.
             Slain by an orc warrior
             ... wielding a +0 trident
              (8 damage)
             ... on level 13 of the Dungeon on Sept 15, 2023.
             The game lasted 01:09:33 (11261 turns).

booth the Cleaver (Demonspawn Gladiator)           Turns: 11261, Time: 01:09:33

Health: -3/80      AC: 11    Str: 17    XL:     11   Next: 86%
Magic:  11/11      EV: 16    Int: 10    God:    Hepliaklqana [****..]
Gold:   353        SH: 17    Dex: 23    Spells: 10/10 levels left

rFire   . . .        a - +0 war axe (vamp)
rCold   + . .        P - +2 kite shield
rNeg    . . .        o - +3 leather armour of the Accordion {Rampage +Blink Int-2 Dex+3}
rPois   .            r - +1 helmet
rElec   .            I - +0 cloak {rCorr}
rCorr   +            (no gloves)
SInv    .            c - +1 pair of boots
Will    .....        (no amulet)
Stlth   ++           G - ring of protection from cold
HPRegen 0.33/turn    N - +6 ring of dexterity
MPRegen 0.12/turn

%: rampage
@: no status effects
A: reduced essence, large bone plates 2, foul stench 2, spiny 1, weakness
stinger 1
a: Renounce Religion, Evoke Blink, Recall Ancestor, Ancestor Identity,
Transference, Idealise


You were on level 13 of the Dungeon.
You worshipped Hepliaklqana.
Hepliaklqana was greatly pleased with you.
You visited 2 branches of the dungeon, and saw 14 of its levels.

You collected 678 gold pieces.
You spent 325 gold pieces at shops.

Inventory:

Hand Weapons
 a - a +0 vampiric war axe (weapon)
 z - a +2 flail
 H - the +3 hammer of False Hope {elec, *Corrode rF+ rN+++ SInv}
   (You found it on level 7 of the Dungeon)

   rF:        It protects you from fire.
   rN:        It renders you almost immune to negative energy.
   SInv:      It lets you see invisible.
   *Corrode:  It may corrode you when you take damage.
Missiles
 d - 3 throwing nets
 m - 34 poisoned darts (quivered)
 E - 6 boomerangs
Armour
 c - a +1 pair of boots (worn)
 f - a +1 ring mail
 o - the +3 leather armour of the Accordion (worn) {Rampage +Blink Int-2 Dex+3}
   (You found it on level 5 of the Dungeon)

   Int:       It affects your intelligence (-2).
   Dex:       It affects your dexterity (+3).
   +Blink:    It lets you blink.
   Rampage:   It bestows one free step when moving towards enemies.
 r - a +1 helmet (worn)
 I - a +0 cloak of preservation (worn)
 P - a +2 kite shield (worn)
Jewellery
 n - an amulet of magic regeneration
 t - a +6 ring of intelligence
 B - a ring of flight
 G - a ring of protection from cold (left hand)
 J - a ring of wizardry
 N - a +6 ring of dexterity (right hand)
Wands
 p - a wand of charming (6)
 y - a wand of flame (8)
 K - a wand of quicksilver (5)
 M - a wand of polymorph (5)
Scrolls
 i - a scroll of silence
 j - 2 scrolls of immolation
 l - a scroll of magic mapping
 s - 2 scrolls of teleportation
 v - a scroll of blinking
 A - 3 scrolls of amnesia
 L - a scroll of fog
 O - 2 scrolls of identify
Potions
 b - 4 potions of mutation
 e - 2 potions of haste
 h - 2 potions of invisibility
 k - 3 potions of curing
 q - 4 potions of berserk rage
 u - 2 potions of magic
 w - 3 potions of brilliance
 x - a potion of resistance
 C - a potion of might
 D - a potion of flight
 F - 3 potions of lignification


   Skills:
 + Level 9.1 Fighting
 * Level 10.9(11.2) Axes
 + Level 3.5(7.8) Maces & Flails
 + Level 8.2 Throwing
 + Level 8.5 Dodging


You had 10 spell levels left.
You didn't know any spells.
Your spell library contained the following spells:

 Spells                   Type           Power      Damage    Failure   Level
 Shock                    Conj/Air       0%         1d3       83%         1
 Dazzling Flash           Conj/Hex       0%         N/A       99%         3
 Ozocubu's Armour         Ice            0%         N/A       99%         3
 Portal Projectile        Hex/Tloc       0%         N/A       99%         3
 Swiftness                Air            0%         N/A       99%         3
 Tukima's Dance           Hex            0%         N/A       99%         3
 Volatile Blastmotes      Fire/Tloc      0%         2d10      99%         3
 Airstrike                Air            0%         2d(0-16)  100%        4
 Iskenderun's Mystic Bla  Conj/Tloc      0%         2d3       100%        4
 Leda's Liquefaction      Hex/Erth       0%         N/A       100%        4
 Blade Hands              Tmut           0%         N/A       100%        5
 Lee's Rapid Deconstruct  Erth           0%         3d4*      100%        5
 Metabolic Englaciation   Hex/Ice        0%         N/A       100%        5
 Simulacrum               Ice/Necr       0%         N/A       100%        6
 Starburst                Conj/Fire      0%         6d3       100%        6
 Statue Form              Tmut/Erth      0%         N/A       100%        6


Dungeon Overview and Level Annotations

Branches:
Dungeon (13/15)            Temple (1/1) D:4            Lair (0/5) D:9
    Orc: D:9-12      Vaults: D:13-14

Altars:
Ashenzari
Cheibriados
Dithmenos
Fedhas
Gozag
Hepliaklqana
Kikubaaqudgha
Makhleb
Nemelex Xobeh
Okawaru
Qazlal
Ru
Sif Muna
Trog
Uskayaw
Vehumet
Wu Jian
Xom
Yredelemnul

Shops:
D:1 ?   D:6 (   D:9 [   D:10 ?

Annotations:
D:11 6 runed translucent doors


Innate Abilities, Weirdness & Mutations

Your life essence is reduced to manifest your ancestor. (-10% HP)
You are mostly covered in large bone plates. (SH +6)
You sometimes emit foul miasma when damaged in melee.
You are partially covered in sharp spines.
You have a small tail.


Message History

The orc warrior misses you.
The orc warrior hits you from afar with a +0 glaive.
The orc warrior completely misses you. You block the ogre's attack.
The orc warrior is struck by your spines.
The orc warrior closely misses you.
You closely miss the orc warrior.
You tail-slap the orc warrior, but do no damage.
The orc warrior is heavily wounded.
You barely miss the ogre.
You hit the orc warrior but do no damage.
You closely miss the orc. The orc is struck by your spines.
The orc closely misses you.
The orc warrior hits you from afar with a +0 glaive!
The orc priest invokes the aid of Beogh against you.
Beogh smites you! You block the orc warrior's attack. x2
You block the ogre's attack.
The orc warrior hits you from afar with a +0 glaive!
* * * LOW HITPOINT WARNING * * *
The orc barely misses you. You block the orc's attack.
You block the orc warrior's attack. x2
The orc priest miscasts a cantrip.
There is a stone staircase leading down, spattered with blood here.
You can't go up here!
You block the orc warrior's attack.
The orc warrior hits you with a +0 trident!
* * * LOW HITPOINT WARNING * * *
The orc priest looks encouraged for a moment.
You climb downwards.
There is a stone staircase leading up here.
You hit the orc warrior.
You feel better.
You tail-slap the orc warrior, but do no damage.
The orc warrior is severely wounded.
You slash the orc!
You kill the orc!
You hit the orc warrior but do no damage.
You block the orc warrior's attack. x2
You block the orc warrior's attack.
The orc warrior is struck by your spines.
The orc warrior hits you with a +0 trident!
You die...

### ##.# ###
#..###....
#oo.......
#@<)......
................
......##........
....## ###......
..# #..... #
#...# ##.. #.


You could see 2 orc warriors.

Vanquished Creatures
  Josephine (D:12)
  A two-headed ogre (D:11)
  An ugly thing (D:11)
  A manticore (D:11)
  A cyclops (D:11)
  Maurice (D:11)
  Maggie (D:9)
  2 kobold demonologists
  2 unseen horrors
  2 trolls
  A hornet (D:8)
  Sigmund (D:4)
  3 jumping spiders (D:11)
  6 wraiths
  A wyvern (D:9)
  5 yaks (D:9)
  A redback (D:11)
  Grum (D:9)
  2 steam dragons
  2 vampire mosquitoes (D:11)
  2 water moccasins
  3 acid dragons
  4 orc warriors
  A sky beast (D:7)
  An ice beast (D:5)
  2 ogres
  2 wolves (D:9)
  3 centaurs
  3 bullfrogs
  A gnoll sergeant (D:8)
  A kobold brigand (D:9)
  A scorpion (D:5)
  6 wights
  5 killer bees (D:8)
  A howler monkey (D:7)
  5 orc priests
  A jelly (D:7)
  4 hounds
  Crazy Yiuf (D:7)
  2 sleepcaps
  5 orc wizards
  A hexer (D:12)
  4 iguanas
  Robin (D:2)
  2 gnolls (D:8)
  9 adders
  A shadow imp (D:6)
  4 worms
  A dart slug (D:1)
  30 orcs
  3 bats
  9 endoplasms
  6 giant cockroaches
  16 goblins
  9 hobgoblins
  9 kobolds
  A quokka (D:3)
  7 ball pythons
  3 frilled lizards
  8 rats
214 creatures vanquished.

Vanquished Creatures (collateral kills)
  A gargoyle (D:9)
  A troll (D:12)
  2 wyverns
  A wraith (D:11)
  2 yaks (D:9)
  2 basilisks (D:9)
  A vampire mosquito (D:11)
  A water moccasin (D:9)
  A black bear (D:7)
  3 orc warriors
  An ice beast (D:6)
  2 wolves (D:9)
  2 centaurs
  A kobold brigand (D:9)
  A bullfrog (D:7)
  A wight (D:10)
  A killer bee (D:8)
  5 orc priests
  A gnoll bouda (D:9)
  An iguana (D:9)
  2 orc wizards
  An adder (D:6)
  2 gnolls (D:8)
  6 orcs
  A kobold (D:9)
43 creatures vanquished.

Vanquished Creatures (others)
  6 hexers
  An ancestor (D:7)
  An orc (D:3)
8 creatures vanquished.

Grand Total: 265 creatures vanquished

Notes
Turn   | Place    | Note
-------+----------+-------------------------------------------
     0 | D:1      | booth the Demonspawn Gladiator began the quest for the Orb.
     0 | D:1      | Reached XP level 1. HP: 16/16 MP: 1/1
   113 | D:1      | Gained mutation: You are partially covered in large bone
                  | plates. (SH +4) [demonic ancestry]
   113 | D:1      | Reached XP level 2. HP: 19/22 MP: 2/2
   269 | D:1      | Found a faded altar of an unknown god.
   344 | D:1      | Found Mantukh's Magic Scroll Shoppe.
   756 | D:1      | Reached skill level 3 in Axes
   810 | D:1      | Gained mutation: You have a small tail. [demonic ancestry]
   810 | D:1      | Reached XP level 3. HP: 28/28 MP: 3/3
  1230 | D:2      | Gained mutation: You are partially covered in sharp spines.
                  | [demonic ancestry]
  1230 | D:2      | Reached XP level 4. HP: 34/34 MP: 4/4
  1750 | D:3      | Noticed Robin
  1760 | D:2      | Killed Robin
  1991 | D:3      | Reached XP level 5. HP: 41/41 MP: 5/5
  2345 | D:1      | Bought a scroll of enchant armour for 105 gold pieces
  2345 | D:1      | Bought a scroll of identify for 28 gold pieces
  2532 | D:4      | Noticed Sigmund
  2638 | D:4      | Killed Sigmund
  2639 | D:4      | Reached skill level 4 in Axes
  2639 | D:4      | Reached XP level 6. HP: 42/48 MP: 6/6
  2989 | D:4      | Found a staircase to the Ecumenical Temple.
  3002 | Temple   | Entered the Ecumenical Temple
  3073 | Temple   | Became a worshipper of Hepliaklqana the Forgotten
  3128 | D:4      | Found a snail-covered altar of Cheibriados.
  3191 | D:5      | Entered Level 5 of the Dungeon
  3221 | D:5      | Identified the +3 leather armour of the Accordion {Rampage
                  | +Blink Int-2 Dex+3}
  3270 | D:5      | Gained mutation: You are mostly covered in large bone
                  | plates. (SH +6) [demonic ancestry]
  3270 | D:5      | Reached XP level 7. HP: 53/54 MP: 7/7
  3302 | D:5      | HP: 2/55 [ice beast (11)]
  3594 | D:5      | Found a shadowy altar of Dithmenos.
  3782 | D:1      | Bought a scroll of identify for 28 gold pieces
  3782 | D:1      | Bought a scroll of identify for 28 gold pieces
  4211 | D:6      | Reached * piety under Hepliaklqana
  4436 | D:6      | Reached skill level 5 in Fighting
  4436 | D:6      | Reached skill level 5 in Axes
  4436 | D:6      | Reached skill level 5 in Dodging
  4436 | D:6      | Reached XP level 8. HP: 55/55 MP: 8/8
  4489 | D:6      | Found an opulent altar of Gozag.
  4490 | D:6      | Found a shimmering blue altar of Sif Muna.
  4556 | D:6      | Found Yjasuig's Antique Weapon Emporium.
  5153 | D:7      | Found a blossoming altar of Fedhas.
  5162 | D:7      | Reached skill level 5 in Throwing
  5173 | D:7      | Reached skill level 6 in Axes
  5444 | D:7      | Reached ** piety under Hepliaklqana
  5445 | D:7      | Remembered your ancestor Cuetlachta as a hexer
  5720 | D:7      | Gained mutation: You may rarely emit foul miasma when
                  | damaged in melee. [demonic ancestry]
  5720 | D:7      | Reached XP level 9. HP: 62/62 MP: 9/9
  5745 | D:7      | Found an ancient bone altar of Kikubaaqudgha.
  5806 | D:7      | Found a runed translucent door.
  5807 | D:7      | Noticed Crazy Yiuf
  6075 | D:7      | Killed Crazy Yiuf
  6079 | D:7      | Identified the +3 hammer of False Hope {elec, *Corrode rF+
                  | rN+++ SInv}
  6590 | D:8      | Found a hide-covered altar of Uskayaw.
  6625 | D:8      | Reached skill level 7 in Axes
  7369 | D:9      | Reached *** piety under Hepliaklqana
  7373 | D:9      | Noticed a gargoyle
  7384 | D:9      | Killed a gargoyle
  7385 | D:9      | Reached skill level 8 in Axes
  7602 | D:9      | Gained mutation: You sometimes emit foul miasma when
                  | damaged in melee. [demonic ancestry]
  7602 | D:9      | Reached XP level 10. HP: 60/71 MP: 10/10
  7641 | D:9      | HP: 2/71 [yak (12)]
  7914 | D:9      | Found a staircase to the Lair.
  7935 | D:9      | Noticed Maggie
  7946 | D:9      | Killed Maggie
  7947 | D:9      | Reached skill level 9 in Axes
  7995 | D:9      | Found Alejeital's Armour Shop.
  8082 | D:9      | Noticed Grum
  8095 | D:9      | Killed Grum
  8378 | D:10     | Entered Level 10 of the Dungeon
  8721 | D:10     | Reached skill level 1 in Maces & Flails
  8733 | D:10     | Found Qaxaeley's Magic Scroll Shop.
  8739 | D:10     | Bought a scroll of identify for 34 gold pieces
  8739 | D:10     | Bought a scroll of identify for 34 gold pieces
  8739 | D:10     | Bought a scroll of amnesia for 68 gold pieces
  8853 | D:10     | Found a sparkling altar of Nemelex Xobeh.
  8865 | D:10     | Found a broken altar of Ashenzari.
  8869 | D:10     | Noticed a sun demon
  8872 | D:10     | Reached XP level 11. HP: 77/77 MP: 11/11
  9069 | D:11     | Noticed a green ugly thing
  9082 | D:11     | Killed a green ugly thing
  9115 | D:11     | Reached **** piety under Hepliaklqana
  9346 | D:11     | Reached skill level 10 in Axes
  9469 | D:11     | Noticed Maurice
  9478 | D:11     | Killed Maurice
  9735 | D:11     | Noticed a two-headed ogre
  9752 | D:11     | Killed a two-headed ogre
 10027 | D:11     | Found a runed translucent door.
 10060 | D:11     | Identified the +1 hat "Aqut" {Will+}
 10410 | D:11     | Identified the +1 whip "Wefecioc" {flame, Int+3}
 10412 | D:11     | Found a runed translucent gate.
 10412 | D:11     | Found a runed translucent gate.
 10412 | D:11     | Found a runed translucent gate.
 10412 | D:11     | Found a runed translucent gate.
 10412 | D:11     | Noticed a boulder beetle
 10413 | D:11     | Found a runed translucent gate.
 10415 | D:11     | Found a runed translucent gate.
 10415 | D:11     | Noticed a lindwurm
 10415 | D:11     | Noticed a boulder beetle
 10619 | D:12     | Noticed Josephine
 10637 | D:12     | Killed Josephine
 10826 | D:12     | Noticed a sun demon
 11258 | D:12     | HP: 3/80 [orc warrior/+0 trident (14)]
 11261 | D:13     | Slain by an orc warrior

Illustrated notes

Levels and vault maps discovered:
D:1:      dpeg_arrival_simpleton_b, layout_basic,
          shapermc_ecumenical_altar_venn, serial_shops,
          nicolae_shop_statue_plus, kennysheep_another_room
D:2:      cheibrodos_helix_gallery, layout_basic
D:3:      layout_rooms, wad_rectangle_vault, uniq_robin
D:4:      layout_rooms, slow_altar_2, temple_fountains, uniq_sigmund
D:5:      layout_rooms, amcnicky_altar_gilded,
          mainiacjoe_overflow_surrounded_room
D:6:      layout_basic, grunt_temple_overflow_open, serial_shops,
          nicolae_shop_back_alley_shop
D:7:      layout_rooms, nicolae_kikubaaqudgha_miasma_corner,
          fedhas_bush_and_centaur_altar, uniq_crazy_yiuf_cottage
D:8:      layout_loops_cross, nicolae_uskayaw_dance_hall,
          minmay_misc_feat_nine_boxes
D:9:      layout_basic, minmay_lair_entry_grove, serial_shops, shop,
          st_stairs_13, serial_bayou_pond_b, uniq_grum, uniq_maggie
D:10:     layout_roguey, mainiacjoe_overflow_big_doors, serial_shops,
          nicolae_shop_rolling_square
D:11:     gammafunk_indiana_jones, layout_irregular_city, moated_statue,
          nicolae_benzene_ring, uniq_maurice
D:12:     layout_loops_ring, david_orc_3, special_room [special_room_orc],
          uniq_josephine, uniq_kirke
D:13:     minmay_dotted_concentric_squares, layout_cave_pods, uniq_snorg
Temple:   nicolae_temple_ecumenical_triangle

Skill      XL: |  1  2  3  4  5  6  7  8  9 10 11 |
---------------+----------------------------------+-----
Throwing       | 2 3 4 5 6 7 8 |  8.2
Axes           | 3 4 5 6 8 9 10 | 10.9
Dodging        | 3 4 5 6 7 8 |  8.5
Fighting       | 3 4 5 6 7 8 9 |  9.1
Maces & Flails | 1 3 |  3.5

Action                     |  1- 3 |  4- 6 |  7- 9 | 10-12 || total
---------------------------+-------+-------+-------+-------++-------
  Melee: War axe           |    91 |   126 |   138 |    29 ||   384
         Tailslap          |     2 |    10 |    27 |    46 ||    85
         Mace              |       |       |    48 |   213 ||   261
  Throw: Dart              |       |     7 |     2 |     4 ||    13
         Javelin           |       |     1 |     3 |    10 ||    14
         Boomerang         |       |       |       |    11 ||    11
 Invoke: Ancestor Identity |       |       |     1 |       ||     1
         Ancestor Life: He |       |       |     1 |       ||     1
         Recall Ancestor   |       |       |       |     1 ||     1
Ability: Evoke Blink       |       |       |     1 |     1 ||     2
  Evoke: Wand              |       |     2 |       |       ||     2
    Use: Scroll            |     2 |     6 |     9 |     7 ||    24
         Potion            |       |     4 |     3 |     4 ||    11
   Stab: Distracted        |       |       |     3 |     2 ||     5
         Sleeping          |       |       |     1 |     1 ||     2
         Confused          |       |       |     4 |     6 ||    10
 Armour: Ring mail         |    35 |    36 |       |       ||    71
         Leather armour    |     1 |     1 |    57 |    60 ||   119
  Dodge: Dodged            |    51 |    81 |   130 |   145 ||   407
  Block: Other             |    18 |    29 |    64 |    22 ||   133
         Kite shield       |       |       |       |   139 ||   139
